 Dungeon Crawl Stone Soup version 0.25-a0-617-g20d90ebb82 (webtiles) character file.

Game seed: 15552350455181615616, levelgen mode: deterministic

219 Mobile the Skirmisher (level 5, 0/41 HPs)
             Began as an Octopode Wanderer on Mar 18, 2020.
             Slain by an orc wizard
             ... wielding a +0 dagger
              (4 damage)
             ... on level 3 of the Dungeon.
             The game lasted 00:05:28 (2110 turns).

Mobile the Skirmisher (Octopode Wanderer)           Turns: 2110, Time: 00:05:29

Health: 0/41       AC: -2    Str:  9    XL:     5   Next: 96%
Magic:  5/5        EV: 12    Int: 15    God:
Gold:   83         SH:  5    Dex: 14    Spells: 4/4 levels left

rFire    . . .     SeeInvis .   q - +0 spear
rCold    + . .     Gourm    .   d - +0 buckler
rNeg     . . .     Faith    .   (helmet restricted)
rPois    .         Spirit   .   (no amulet)
rElec    .         Reflect  .   h - ring of protection from cold
rCorr    .         Harm     .   l - -3 ring of protection (curse)
MR       .....                  (no ring)
Stlth    ++........             (no ring)
HPRegen  0.13/turn              (no ring)
MPRegen  0.09/turn              (no ring)
                                (no ring)
                                (no ring)

@: no status effects
A: almost no armour, stealthy swim, amphibious, 8 rings, constrict 8, camouflage
1, gelatinous body 1
a: no special abilities


You were on level 3 of the Dungeon.
You were hungry.

You visited 1 branch of the dungeon, and saw 3 of its levels.

You collected 83 gold pieces.

Inventory:

Hand Weapons
 a - a +2 hand crossbow
 j - a +0 dagger
 o - a +0 war axe
 q - a +0 spear (weapon)
Missiles
 b - 15 bolts
Armour
 d - a +0 buckler (worn)
Jewellery
 h - a ring of protection from cold (left tentacle)
 l - a cursed -3 ring of protection (right tentacle)
Wands
 r - a wand of flame (9)
Scrolls
 g - 2 scrolls of identify {unknown}
 i - 2 scrolls of amnesia {unknown}
 k - a scroll of teleportation {unknown}
 m - 2 scrolls of remove curse {unknown}
 n - 2 scrolls of enchant armour {unknown}
 p - a scroll of random uselessness {unknown}
Potions
 c - 2 potions of curing
 e - a potion of heal wounds {unknown}
Comestibles
 f - 3 rations
 s - 5 chunks of flesh


   Skills:
 + Level 5.7 Fighting
   Level 2.0 Bows
 - Level 2.0 Crossbows
 - Level 1.0 Throwing
 + Level 3.9 Shields


You had 4 spell levels left.
You didn't know any spells.
Your spell library was empty.

Dungeon Overview and Level Annotations

Branches:
Dungeon (3/15)

Altars:
Gozag
Vehumet
Wu Jian


Innate Abilities, Weirdness & Mutations

You cannot wear most types of armour.
You are very stealthy in the water. (Stealth+)
You are amphibious.
You can wear up to eight rings at the same time.
You can use your tentacles to constrict eight enemies at once.
Your skin changes colour to match your surroundings (Stealth+).
Your rubbery body absorbs attacks. (AC +1, EV +1)


Message History

Deactivating autopickup; reactivate with Ctrl-A.
You block the orc's attack. x2
You release your grip on the orc.
Things that are here:
a +0 short sword; a kobold corpse Something hits you.
You see here a bat skeleton.
You hear some strange, mumbled words.
A puff of frost appears from out of thin air!
The puff of frost hits you. You resist.
You hear some strange, mumbled words.
You hear some strange, mumbled words.
A puff of flame appears from out of thin air!
The puff of flame hits you!
* * * LOW HITPOINT WARNING * * *
Something hits you.
* * * LOW HITPOINT WARNING * * *
There is a stone staircase leading up here.
Something hits you.
You die...

#.# #........+ #÷#
#........# #o#
#.......## #.#
###....## #o#
#.....+.. #.#
##.###.#... #.#
#..#⌠#..... #.#
#.(###...#
#@####........#
###..(........####
#.).............
#.............(.
###.............
#.........#.#.
#....####.....
##.........#.#.
#..............


You could see 2 orcs.

Vanquished Creatures
  An ogre (D:2)
  Robin (D:2)
  4 gnolls
  An adder (D:3)
  An ooze (D:2)
  A dart slug (D:2)
  2 giant cockroaches
  19 goblins
  8 hobgoblins
  A quokka (D:2)
  7 bats
  4 frilled lizards
  10 kobolds
  13 rats
73 creatures vanquished.

Notes
Turn   | Place    | Note
-------+----------+-------------------------------------------
     0 | D:1      | Mobile the Octopode Wanderer began the quest for the Orb.
     0 | D:1      | Mobile set off with the following items: a +2 hand
                  | crossbow, 22 bolts, a potion of curing, a +0 buckler, a
                  | ration
     0 | D:1      | Reached XP level 1. HP: 17/17 MP: 1/1
    68 | D:1      | Reached XP level 2. HP: 22/22 MP: 2/2
   612 | D:1      | Reached XP level 3. HP: 20/27 MP: 3/3
   647 | D:2      | Reached XP level 4. HP: 24/34 MP: 4/4
  1039 | D:2      | Found an ornate altar of the Wu Jian Council.
  1073 | D:2      | Reached skill level 5 in Fighting
  1101 | D:2      | Found a radiant altar of Vehumet.
  1138 | D:2      | Noticed Robin
  1300 | D:2      | Killed Robin
  1300 | D:2      | Reached XP level 5. HP: 39/39 MP: 5/5
  1399 | D:2      | Noticed an ogre
  1436 | D:2      | Killed an ogre
  1876 | D:2      | Found an opulent altar of Gozag.
  2110 | D:3      | Slain by an orc wizard

Levels and vault maps discovered:
D:1:      dpeg_arrival_arbitrary_a, layout_rooms, minivault_14
D:2:      layout_basic, lemuel_crystal_altar, vehumet_crystals,
          lemuel_coloured_pillars_altar, uniq_robin
D:3:      cheibrodos_old_hovel, layout_basic, serial_glass, glass_columns_a,
          glass_columns_c, minmay_strange_pillars, minmay_strange_pillars,
          feat_on_display, first_ration, ebering_ghost_sewer_d,
          grunt_ministairs_5, chequers_serial_rivers_room_b, uniq_natasha,
          uniq_crazy_yiuf_cottage, uniq_terence

Skill      XL: |  1  2  3  4 |
---------------+-------------+-----
Shields        | 2 3 |  3.9
Fighting       | 5 |  5.7
Bows           | |  2.0
Crossbows      | |  2.0
Throwing       | |  1.0

Action                   |  1- 3 |  4- 6 || total
-------------------------+-------+-------++-------
Melee: Spear             |       |    48 ||    48
       Tentacles         |       |     7 ||     7
       Constrict         |       |     7 ||     7
 Fire: Hand crossbow     |    51 |    44 ||    95
Evoke: Wand              |       |     2 ||     2
 Stab: Sleeping          |       |     4 ||     4
  Eat: Chunk             |       |     3 ||     3
Dodge: Dodged            |     8 |    30 ||    38
Block: Buckler           |     2 |     5 ||     7

Table legend:
 A = Non-vault XP
 B = Vault XP
 C = Vault XP percentage of total XP
 D = Non-vault monster count
 E = Vault monster count
 F = Vault count percentage of total count
                 A         B        C        D         E       F
            +---------+---------+-------+---------+---------+-------
      Total |     272 |      41 |  13.1 |      58 |      15 |  20.5
            +---------+---------+-------+---------+---------+-------
        D:1 |      43 |       0 |   0.0 |      21 |       0 |   0.0
        D:2 |     209 |      38 |  15.4 |      31 |      13 |  29.5
        D:3 |      20 |       3 |  13.0 |       6 |       2 |  25.0
            +---------+---------+-------+---------+---------+-------
